 Dungeon Crawl Stone Soup version 0.24-a0-451-g263dff2034 (webtiles) character file.

Game seed: 5242307543585196384

5107 Mrkan the Grappler (level 10, -1/94 HPs)
             Began as a Troll Monk on June 26, 2019.
             Was a High Priest of Makhleb.
             Slain by a two-headed ogre
             ... wielding a +0 giant spiked club
              (25 damage)
             ... on level 9 of the Dungeon.
             The game lasted 00:17:21 (7567 turns).

Mrkan the Grappler (Troll Monk)                     Turns: 7567, Time: 00:17:22

Health: -1/94      AC:  7    Str: 21    XL:     10   Next: 32%
Magic:  16/16      EV:  7    Int:  9    God:    Makhleb [*****.]
Gold:   420        SH:  8    Dex: 12    Spells: 9/9 levels left

rFire    + . .     SeeInvis .     - Unarmed
rCold    . . .     Gourm    +   E - +1 shield
rNeg     . . .     Faith    .   r - +1 robe {rF+}
rPois    +         Spirit   .   (helmet restricted)
rElec    .         Reflect  .   A - scarf {cloud immunity}
rCorr    .         Harm     .   (gloves unavailable)
MR       .....                  (boots unavailable)
Stlth    +++.......             (no amulet)
HPRegen  0.65/turn              R - ring of poison resistance
MPRegen  0.15/turn              t - ring of stealth

@: no status effects
A: large, unfitting armour, claws 3, fast metabolism 3, gourmand, regeneration
1, shaggy fur 1, tough skin 3
a: Minor Destruction, Lesser Servant of Makhleb, Major Destruction, Greater
Servant of Makhleb, Renounce Religion


You were on level 9 of the Dungeon.
You worshipped Makhleb.
Makhleb was extremely pleased with you.
You were very full.

You visited 2 branches of the dungeon, and saw 10 of its levels.

You collected 420 gold pieces.

Inventory:

Hand Weapons
 H - the +3 sling "Punk" {acid, rCorr}
   (You found it on level 8 of the Dungeon)

   It provides partial protection from all sources of acid and corrosion.
 J - the cursed +1 trident "Trog's Fury" {holy, Int+4 Stlth+}
   (You found it on level 8 of the Dungeon)

   It has been blessed by the Shining One to cause great damage to the undead
   and demons.
   It affects your intelligence (+4).
   It makes you more stealthy.
   It has a curse placed upon it.
Missiles
 i - 173 stones (quivered)
 D - 5 silver javelins
 Q - 12 poisoned darts
Armour
 r - a +1 robe of fire resistance (worn)
 A - a scarf of cloud immunity (worn)
 E - a +1 shield (worn)
Jewellery
 q - an uncursed ring of flight
 t - a ring of stealth (right claw)
 R - a ring of poison resistance (left claw)
Wands
 o - a wand of paralysis (8)
 B - a wand of clouds (2)
 N - a wand of scattershot (6)
Scrolls
 d - 10 scrolls of remove curse
 h - 5 scrolls of teleportation
 j - a scroll of fear
 k - 2 scrolls of enchant armour
 l - a scroll of enchant weapon
Potions
 c - 3 potions of haste
 e - 5 potions of agility
 g - 2 potions of heal wounds
 m - 3 potions of ambrosia
 n - 3 potions of flight
 p - 4 potions of berserk rage {unknown}
 s - 2 potions of brilliance {unknown}
 u - 2 potions of degeneration {unknown}
 v - 2 potions of lignification {unknown}
 w - 4 potions of curing
 z - 2 potions of mutation {unknown}
 I - a potion of cancellation {unknown}
 O - a potion of magic {unknown}
 P - a potion of might {unknown}
Miscellaneous
 K - a phantom mirror
Comestibles
 b - 11 rations


   Skills:
 * Level 4.9 Fighting
 - Level 2.4 Dodging
 - Level 1.0 Stealth
 - Level 10.0 Unarmed Combat
 - Level 10.0 Invocations


You had 9 spell levels left.
You didn't know any spells.
Your spell library contained the following spells:

 Spells                   Type           Power        Failure   Level  Hunger
 Apportation              Tloc           #.....       96%         1    ##.....
 Summon Butterflies       Summ           #.......     96%         1    ##.....
 Lesser Beckoning         Tloc           #.........   100%        3    ####...
 Tukima's Dance           Hex            #.......     100%        3    ####...
 Alistair's Intoxication  Tmut/Pois      #.......     100%        5    ######.
 Invisibility             Hex            #.......     100%        6    #######


Dungeon Overview and Level Annotations

Branches:
Dungeon (9/15)             Temple (1/1) D:4
   Lair: D:8-11         Orc: D:9-12

Altars:
Ashenzari
Cheibriados
Dithmenos
Elyvilon
Fedhas
Gozag
Hepliaklqana
Kikubaaqudgha
Makhleb
Nemelex Xobeh
Okawaru
Qazlal
Ru
Sif Muna
Trog
Uskayaw
Vehumet
Wu Jian
Xom
Yredelemnul
Zin
The Shining One

Shops:
D:5 *

Annotations:
D:7 3 runed translucent doors, Yon's ghost, novice SpWr


Innate Abilities, Weirdness & Mutations

You are too large for most types of armour.
You have claws for hands.
Your metabolism is lightning-fast.
You like to eat raw meat.
Your natural rate of healing is unusually fast.
You are covered in fur. (AC +1)
You have extremely tough skin. (AC +3)


Message History

The two-headed ogre is lightly wounded.
You barely miss the two-headed ogre.
The two-headed ogre is lightly wounded.
The two-headed ogre hits you with a +0 giant spiked club!!!
You block the two-headed ogre's attack.
You claw the two-headed ogre!
The two-headed ogre is heavily wounded.
You block the two-headed ogre's attack.
The two-headed ogre hits you with a +0 giant club.
You scratch the two-headed ogre.
The two-headed ogre is heavily wounded.
You scratch the two-headed ogre.
The two-headed ogre is heavily wounded.
The two-headed ogre hits you with a +0 giant spiked club!
The two-headed ogre hits you with a +0 giant club!
* * * LOW HITPOINT WARNING * * *
Your shield prevents you from hitting the two-headed ogre.
The two-headed ogre is heavily wounded.
The two-headed ogre hits you with a +0 giant spiked club!!
You die...

#....#
#....######+###
#....#........#
#....#........#
#.<..#........#####
#....'.............
#....#..........#
#....#...###....#
#....#......@...#
#....#######O#......
#....##.....Y# .....
#....##......# ##+#
#.............
.....)... ..........
..........
##......##.


You could see a two-headed ogre and a sky beast.

Vanquished Creatures
  Joseph (D:7)
  Grinder (D:3)
  Prince Ribbit (D:8)
  A hippogriff (D:7)
  A shadow (D:8)
  A steam dragon (D:8)
  2 hungry ghosts (D:8)
  Menkaure (D:4)
  2 orc warriors
  A hornet zombie (D:8)
  An ice beast (D:5)
  A sky beast (D:8)
  2 ogres
  A necrophage (D:8)
  2 phantoms (D:5)
  A centaur (D:5)
  3 big kobolds (D:8)
  2 bullfrogs (D:6)
  A water moccasin zombie (D:5)
  10 killer bees
  2 howler monkeys
  5 wights (D:8)
  3 crimson imps
  A bullfrog zombie (D:6)
  5 hounds
  A centaur skeleton (D:7)
  3 orc priests
  A bullfrog skeleton (D:6)
  A jelly (D:8)
  13 orc wizards
  Ijyb (D:4)
  2 iguanas
  Natasha (thrice) (D:2)
  2 worker ants
  A killer bee zombie (D:8)
  A hound skeleton (D:8)
  Robin (D:2)
  12 gnolls
  A howler monkey skeleton (D:4)
  11 adders
  2 river rats (D:5)
  4 shadow imps
  3 oozes
  5 worms
  A dart slug (D:1)
  5 leopard geckos
  34 orcs
  2 bats
  6 giant cockroaches
  9 goblins (D:2)
  10 hobgoblins
  10 jackals
  4 quokkas
  3 ball pythons
  5 frilled lizards
  A jackal zombie (D:5)
  13 kobolds
  A leopard gecko skeleton (D:4)
  A leopard gecko zombie (D:6)
  A quokka skeleton (D:8)
  3 rats
229 creatures vanquished.

Notes
Turn   | Place    | Note
-------+----------+-------------------------------------------
     0 | D:1      | Mrkan the Troll Monk began the quest for the Orb.
     0 | D:1      | Reached XP level 1. HP: 22/22 MP: 0/0
    77 | D:1      | Reached XP level 2. HP: 29/29 MP: 1/1
   981 | D:2      | Reached XP level 3. HP: 36/36 MP: 2/2
  1097 | D:2      | Noticed Natasha
  1105 | D:2      | Killed Natasha
  1113 | D:2      | Noticed Natasha
  1117 | D:2      | Killed Natasha
  1117 | D:2      | Reached skill level 5 in Unarmed Combat
  1117 | D:2      | Reached XP level 4. HP: 38/44 MP: 3/3
  1152 | D:2      | Noticed Robin
  1182 | D:2      | Killed Robin
  1299 | D:2      | Reached XP level 5. HP: 30/50 MP: 4/4
  1581 | D:2      | Noticed Natasha
  1585 | D:2      | Killed Natasha
  2512 | D:3      | Found a faded altar of an unknown god.
  2611 | D:4      | Noticed Grinder
  2617 | D:4      | Paralysed by Grinder for 6 turns
  2637 | D:3      | Killed Grinder
  2637 | D:3      | Reached XP level 6. HP: 21/59 MP: 5/5
  2725 | D:4      | Found a sparkling altar of Nemelex Xobeh.
  2858 | D:4      | Noticed Ijyb
  2858 | D:4      | Noticed Menkaure
  2868 | D:4      | Killed Ijyb
  2868 | D:4      | Reached XP level 7. HP: 55/66 MP: 6/6
  2916 | D:4      | Killed Menkaure
  3047 | D:4      | Found a radiant altar of Vehumet.
  3268 | D:4      | Found a staircase to the Ecumenical Temple.
  3299 | Temple   | Entered the Ecumenical Temple
  3378 | Temple   | Became a worshipper of Makhleb the Destroyer
  3378 | Temple   | Reached * piety under Makhleb
  3378 | Temple   | Reached ** piety under Makhleb
  3718 | D:5      | Entered Level 5 of the Dungeon
  3951 | D:5      | Found a blossoming altar of Fedhas.
  3970 | D:5      | Reached XP level 8. HP: 64/74 MP: 7/7
  3996 | D:5      | Reached skill level 10 in Unarmed Combat
  4057 | D:5      | Found a deep blue altar of Sif Muna.
  4134 | D:5      | Reached skill level 1 in Invocations
  4178 | D:5      | Found Covich's Assorted Antiques.
  4758 | D:6      | You fall into a shaft and drop 2 floors!
  4840 | D:8      | Reached skill level 5 in Invocations
  4888 | D:8      | Found the +3 sling "Punk" {acid, rCorr}
  4946 | D:8      | Reached *** piety under Makhleb
  4946 | D:8      | Reached XP level 9. HP: 80/80 MP: 12/12
  5079 | D:8      | Got a faintly glowing trident
  5301 | D:8      | Noticed Prince Ribbit
  5310 | D:8      | Killed Prince Ribbit
  5401 | D:7      | Found a runed translucent gate.
  5401 | D:7      | Found a runed translucent gate.
  5403 | D:7      | Found a runed translucent gate.
  5403 | D:7      | Found an opulent altar of Gozag.
  5405 | D:7      | Noticed Yon's ghost (novice SpWr)
  5544 | D:7      | Noticed Joseph
  5554 | D:7      | Killed Joseph
  5715 | D:6      | Reached XP level 10. HP: 88/88 MP: 16/16
  5785 | D:6      | Reached **** piety under Makhleb
  5794 | D:6      | Reached skill level 10 in Invocations
  6723 | D:7      | Identified the cursed +1 trident "Trog's Fury" {holy, Int+4
                  | Stlth+} (You found it on level 8 of the Dungeon)
  6734 | D:7      | Identified a scroll of acquirement
  7324 | D:8      | Found a bloodstained altar of Trog.
  7439 | D:8      | Reached ***** piety under Makhleb
  7550 | D:9      | Noticed a two-headed ogre
  7567 | D:9      | Slain by a two-headed ogre

Levels and vault maps discovered:
D:1:      minmay_arrival_wavy_path, layout_basic, minmay_domino_4
D:2:      layout_basic, kennysheep_generic_room_15, uniq_natasha, uniq_robin
D:3:      layout_loops_ring, chequers_ecumenical_altar_lobes
D:4:      layout_basic, vehumet_crystals, minmay_temple_entry_glassed_door,
          first_ration, nemelex_spade_bored_becter, uniq_ijyb, uniq_menkaure,
          uniq_grinder
D:5:      layout_loops_corners, led_sif_pool, fedhas_ov_isle_minmay,
          serial_shops, kennysheep_mini, gup_sewer_entry_spiral
D:6:      layout_basic, serial_bayou_crossing
D:7:      layout_loops_ring, ebering_ghost_gozag, uniq_joseph
D:8:      minmay_the_grid_triangle_9x9_rhombus_thin
          [minmay_the_grid_triangle_9x9_stretched_checkered,
          minmay_the_grid_triangle_9x9_prize_top_heavy,
          minmay_the_grid_triangle_9x9_odd_lines,
          minmay_the_grid_triangle_9x9_checkered], layout_basic, bloody_trog,
          uniq_prince_ribbit1
D:9:      layout_stronghold, grunt_lair_entry_orc_guard_hut, the_bakery
Temple:   compressed_dpeg_circular_temple

Skill      XL: |  1  2  3  4  5  6  7  8  9 10 |
---------------+-------------------------------+-----
Unarmed Combat | 4 5 7 8 9 10 | 10.0
Invocations    | 6 9 10 | 10.0
Fighting       | 4 |  4.9
Dodging        | |  2.4
Stealth        | |  1.0

Action                   |  1- 3 |  4- 6 |  7- 9 | 10-12 || total
-------------------------+-------+-------+-------+-------++-------
Melee: Unarmed           |    63 |   125 |   299 |   207 ||   694
       Punch             |       |     2 |     4 |       ||     6
Invok: Minor Destruction |       |       |       |     1 ||     1
  Use: Scroll            |       |     4 |       |    17 ||    21
       Potion            |       |       |     2 |     1 ||     3
 Stab: Sleeping          |     1 |     3 |     3 |     1 ||     8
       Distracted        |       |       |       |     1 ||     1
  Eat: Chunk             |     3 |    25 |    26 |    16 ||    70
       Ration            |     1 |       |     3 |       ||     4
Armor: Robe              |    18 |    43 |    82 |    62 ||   205
Dodge: Dodged            |    32 |    53 |    87 |    46 ||   218
Block: Shield            |       |       |    63 |    60 ||   123

Table legend:
 A = Non-vault XP
 B = Vault XP
 C = Vault XP percentage of total XP
 D = Non-vault monster count
 E = Vault monster count
 F = Vault count percentage of total count
                 A         B        C        D         E       F
            +---------+---------+-------+---------+---------+-------
      Total |    4707 |    2589 |  35.5 |     192 |      37 |  16.2
            +---------+---------+-------+---------+---------+-------
        D:1 |      30 |       8 |  21.1 |      17 |       3 |  15.0
        D:2 |     179 |      70 |  28.1 |      18 |      12 |  40.0
        D:3 |      73 |     277 |  79.1 |      21 |       1 |   4.5
        D:4 |     334 |     214 |  39.1 |      24 |       2 |   7.7
        D:5 |     778 |      37 |   4.5 |      19 |       5 |  20.8
        D:6 |     734 |       0 |   0.0 |      28 |       0 |   0.0
        D:7 |    1024 |     445 |  30.3 |      22 |       1 |   4.3
        D:8 |    1555 |    1538 |  49.7 |      43 |      13 |  23.2
            +---------+---------+-------+---------+---------+-------
